 Dungeon Crawl Stone Soup version 0.17.0-28-g6e173f8 (webtiles) character file.

1134 Rationalist the Shield-Bearer (level 8, -3/62 HPs)
             Began as a Formicid Fighter on Dec 1, 2015.
             Slain by a phantom (10 damage)
             ... on level 5 of the Dungeon.
             The game lasted 00:07:20 (6066 turns).

Rationalist the Shield-Bearer (Formicid Fighter)    Turns: 6066, Time: 00:07:20

Health: -3/62      AC:  3    Str: 21    XL:     8   Next: 63%
Magic:  8/8        EV: 13    Int:  8    God:
Gold:   430        SH: 11    Dex: 12    Spells: 0 memorised, 7 levels left

rFire  . . .     SeeInvis +     a - +1 war axe
rCold  . . .     Clarity  .     (no armour)
rNeg   . . .     SustAt   +     c - +0 shield
rPois  .         Gourm    .     (helmet unavailable)
rElec  .         Spirit   .     u - +2 cloak
rCorr  .         Warding  .     (no gloves)
rMut   .         Stasis   +     (no boots)
MR     .....                    (no amulet)
Stlth  ++........               g - ring of sustain attributes
                                f - ring of flight

@: not resistant to hostile enchantments, unstealthy
A: permanent stasis, dig shafts and tunnels, four strong arms, antennae 3
a: Dig, Shaft Self, Evoke Flight


You were on level 5 of the Dungeon.
You were not hungry.

You visited 1 branch of the dungeon, and saw 5 of its levels.
You also visited: Ossuary.

You collected 430 gold pieces.

Inventory:

Hand Weapons
 a - a +1 war axe (weapon)
Missiles
 p - 24 poisoned needles
 s - 15 bolts
Armour
 c - a +0 shield (worn)
 u - a +2 cloak (worn)
Jewellery
 f - a ring of flight (left hand)
 g - a ring of sustain attributes (right hand)
Wands
 o - a wand of digging (12)
 x - a wand of enslavement (17)
Scrolls
 b - a scroll of random uselessness {unknown}
 h - 2 scrolls of identify {unknown}
 i - 3 scrolls of teleportation {unknown}
 n - 2 scrolls of fear
 q - 6 scrolls of remove curse
 t - 3 scrolls of recharging
 w - a scroll of noise {unknown}
Potions
 k - 2 potions of flight
 m - a potion of cure mutation
 B - a potion of magic
Books
 y - a book of Air

   Spells                             Type                      Level
   a - Shock                          Conjuration/Air              1
   b - Swiftness                      Charms/Air                   2
   c - Repel Missiles                 Charms/Air                   2
   d - Static Discharge               Conjuration/Air              3
   e - Lightning Bolt                 Conjuration/Air              5
Comestibles
 e - 2 bread rations
 j - a chunk of flesh
 r - 3 meat rations
 A - a beef jerky


   Skills:
 + Level 5.3 Fighting
 + Level 4.5 Axes
 + Level 4.5 Armour
 + Level 4.1 Dodging
 + Level 1.8 Stealth
 + Level 7.1 Shields


You had 7 spell levels left.
You didn't know any spells.

Dungeon Overview and Level Annotations

Branches:
Dungeon (5/15)
 Temple: D:4-7

Altars:
Cheibriados
Dithmenos
Elyvilon
Ru


Innate Abilities, Weirdness & Mutations

You are under a permanent stasis effect.
You can dig through walls and to a lower floor.
Your four strong arms can wield two-handed weapons with a shield.
You have a pair of large antennae on your head (SInv).


Message History

* * * LOW HITPOINT WARNING * * *
You slash Opium's ghost!
You destroy Opium's ghost!
Your base Dodging skill increases to level 4!
Your base Shields skill increases to level 7!
Your life force feels restored.
The phantom hits you!
* * * LOW HITPOINT WARNING * * *
The phantom blinks!
The giant gecko skeleton barely misses you.
You block the giant gecko skeleton's attack.
You slash the giant gecko skeleton!
You destroy the giant gecko skeleton!
You hit the phantom but do no damage. You block the phantom's attack.
You slash the phantom!
The phantom is moderately damaged.
The phantom hits you.
* * * LOW HITPOINT WARNING * * *
The phantom hits you!
You die...

... #.# ###
#.# #.# ..#
#.# #.# #..
#.# #.# #.#
#.# . {
#.###.## ... {
#.##†..##...#
#.)...@W..# #
#.#....##.....
.# #.#.#.##
#.#. .#
#.#.#... .. #
#.#.#####
..#.# ###.####
#....# .###
####.# .


You could see a phantom.

Vanquished Creatures
  The ghost of Opium the Skirmisher, a novice DsAK of Lugonu (D:5)
  Sigmund (D:2)
  Menkaure (D:4)
  Edmund (D:4)
  2 hounds
  An orc priest (D:5)
  A jelly (D:5)
  An orc wizard (D:3)
  An iguana (D:5)
  2 worker ants
  2 big kobold zombies (Ossuary)
  4 mummies (Ossuary)
  5 adders
  An adder zombie (Ossuary)
  An ooze (D:4)
  A worm (D:5)
  2 giant geckos
  6 orcs
  4 giant cockroaches
  10 goblins
  5 hobgoblins
  2 jackals (D:1)
  5 quokkas
  A ball python (D:4)
  11 bats
  A giant gecko skeleton (D:5)
  5 giant newts
  2 gnoll zombies (Ossuary)
  A goblin zombie (Ossuary)
  2 hobgoblin zombies (Ossuary)
  A jackal zombie (Ossuary)
  7 kobolds
  2 kobold zombies (Ossuary)
  An orc zombie (Ossuary)
  6 rats
100 creatures vanquished.

Notes
Turn   | Place    | Note
--------------------------------------------------------------
     0 | D:1      | Rationalist the Formicid Fighter began the quest for the Orb.
     0 | D:1      | Reached XP level 1. HP: 18/18 MP: 1/1
   251 | D:1      | Reached XP level 2. HP: 24/24 MP: 2/2
   313 | D:1      | Reached skill level 4 in Shields
   411 | D:1      | Reached XP level 3. HP: 18/29 MP: 3/3
   785 | D:2      | Noticed Sigmund
   797 | D:2      | Killed Sigmund
   797 | D:2      | Reached skill level 1 in Dodging
   797 | D:2      | Reached skill level 5 in Shields
   797 | D:2      | Reached XP level 4. HP: 13/37 MP: 4/4
   797 | D:2      | Reached XP level 5. HP: 14/42 MP: 5/5
  1231 | D:2      | Reached XP level 6. HP: 45/48 MP: 6/6
  2307 | D:3      | Found a white marble altar of Elyvilon.
  2349 | D:3      | Found a faded altar to an unknown god.
  3086 | D:4      | Found a sand-covered staircase.
  3094 | Ossuary  | Entered an ossuary
  3412 | Ossuary  | Reached XP level 7. HP: 52/55 MP: 7/7
  4126 | D:4      | Found a shadowy altar of Dithmenos.
  4425 | D:4      | Noticed Edmund
  4441 | D:4      | Killed Edmund
  4441 | D:4      | Reached skill level 6 in Shields
  4671 | D:4      | Found a sacrificial altar of Ru.
  4695 | D:4      | Noticed Menkaure
  4701 | D:4      | Killed Menkaure
  4701 | D:4      | Reached skill level 1 in Stealth
  5227 | D:5      | Entered Level 5 of the Dungeon
  5245 | D:5      | Reached XP level 8. HP: 39/61 MP: 8/8
  5508 | D:5      | Reached skill level 5 in Fighting
  5525 | D:5      | HP: 3/62 [orc priest (2)]
  5959 | D:5      | Found a snail-covered altar of Cheibriados.
  5989 | D:5      | Noticed Opium's ghost (novice DsAK)
  6060 | D:5      | Killed Opium's ghost
  6060 | D:5      | Reached skill level 7 in Shields
  6066 | D:5      | Slain by a phantom

Action                   |  1- 3 |  4- 6 |  7- 9 || total
-------------------------+-------+-------+-------++-------
Melee: War axe           |    68 |   137 |   161 ||   366
 Abil: Dig               |     1 |       |     2 ||     3
  Use: Scroll            |     4 |     2 |       ||     6
       Potion            |     4 |       |    11 ||    15
  Eat: Chunk             |       |     8 |     6 ||    14
       Fruit             |       |       |     3 ||     3
